 Dungeon Crawl Stone Soup version 0.29-a0-322-g68df515428 (webtiles) character file.

Game seed: 14778265735137656213

525 sammy202020 the Skirmisher (level 7, -2/46 HPs)
             Began as a Gargoyle Berserker on Apr 10, 2022.
             Was a Believer of Trog.
             Slain by a gnoll
             ... wielding a +0 halberd
              (5 damage)
             ... on level 4 of the Dungeon.
             The game lasted 00:07:33 (4751 turns).

sammy202020 the Skirmisher (Gargoyle Berserker)     Turns: 4751, Time: 00:07:34

Health: -2/46      AC: 19    Str: 20    XL:     7   Next: 23%
Magic:  7/7        EV:  8    Int: 10    God:    Trog [**....]
Gold:   307        SH:  0    Dex:  9    Spells: 6/6 levels left

rFire   . . .      SeeInvis +   t - +0 flail (protect)
rCold   . . .      Faith    .   (no shield)
rNeg    + . .      Spirit   .   u - +2 chain mail
rPois   ∞          Reflect  .   v - +2 hat {Stlth+}
rElec   +          Harm     .   w - +0 cloak
rCorr   .          Rampage  .   (no gloves)
Will    ++...                   (no boots)
Stlth   ..........              (no amulet)
HPRegen 1.15/turn               p - ring of see invisible
MPRegen 0.10/turn               (no ring)

@: strong-willed, on berserk cooldown, regenerating, slowed, very slow
A: sickness immunity, AC +4, negative energy resistance 1, electricity
resistance, torment resistance 1, petrification resistance
a: Renounce Religion, Berserk, Trog's Hand


You were on level 4 of the Dungeon.
You worshipped Trog.
Trog was pleased with you.
You visited 1 branch of the dungeon, and saw 4 of its levels.

You collected 307 gold pieces.

Inventory:

Hand Weapons
 i - a +0 hunting sling
 t - a +0 flail of protection (weapon)
Missiles
 b - 5 poisoned darts
 n - 2 throwing nets (quivered)
 q - 3 datura-tipped darts
Armour
 l - a +1 helmet
 u - a +2 chain mail (worn)
 v - a +2 hat of stealth (worn)
 w - a +0 cloak (worn)
Jewellery
 p - a ring of see invisible (left hand)
Wands
 g - a wand of iceblast (2)
Scrolls
 c - 6 scrolls of teleportation
 e - a scroll of blinking
 f - a scroll of immolation {unknown}
 s - 2 scrolls of identify
Potions
 a - a potion of mutation {unknown}
 d - 4 potions of curing
 h - a potion of brilliance {unknown}
 k - a potion of might {unknown}
 m - a potion of cancellation {unknown}
 o - a potion of degeneration {unknown}
 r - a potion of lignification {unknown}
 x - a potion of flight {unknown}


   Skills:
 * Level 6.1 Fighting
 * Level 5.5 Maces & Flails
 + Level 4.1 Armour
 - Level 1.5 Dodging


You had 6 spell levels left.
You didn't know any spells.
Your spell library was empty.

Dungeon Overview and Level Annotations

Branches:
Dungeon (4/15)             Temple (0/1) D:4

Altars:
Uskayaw
Beogh

Shops:
D:3 ?


Innate Abilities, Weirdness & Mutations

You are immune to sickness and miasma.
Your stone body is resilient. (AC +4)
You are immune to poison.
You resist negative energy. (rN+)
You are resistant to electric shocks. (rElec)
You are resistant to unholy torment.
You are immune to petrification.


Message History

The gnoll hits you but does no damage.
The orc hits you from afar with a +0 trident.
* * * LOW HITPOINT WARNING * * *
The gnoll hits you but does no damage. The orc hits you but does no damage.
You hit the gnoll.
You kill the gnoll!
Trog accepts your kill.
The orc hits you from afar with a +0 trident.
* * * LOW HITPOINT WARNING * * *
The orc hits you but does no damage. The kobold hits you but does no damage.
The gnoll completely misses you.
You hit the kobold but do no damage. The orc barely misses you.
The kobold hits you but does no damage. The gnoll hits you but does no damage.
The orc completely misses you.
The kobold hits you with a +0 short sword.
* * * LOW HITPOINT WARNING * * *
The gnoll hits you but does no damage.
You feel much better. The kobold barely misses you.
The orc hits you but does no damage.
The gnoll hits you from afar with a +0 halberd.
You hit the kobold.
You kill the kobold!
Trog accepts your kill. The orc completely misses you.
The gnoll barely misses you.
The orc hits you from afar with a +0 trident.
The gnoll hits you from afar with a +0 halberd.
* * * LOW HITPOINT WARNING * * *
You hear the slow rusting of a very distant drain.
The orc barely misses you. The gnoll hits you with a +0 halberd.
* * * LOW HITPOINT WARNING * * *
The orc hits you but does no damage.
Items here: ( ))) [ ††.
Your skin crawls.
You feel strong-willed. The gnoll hits you with a +0 halberd!
* * * LOW HITPOINT WARNING * * *
The orc hits you but does no damage. The gnoll hits you but does no damage.
You closely miss the gnoll. The orc hits you but does no damage.
The gnoll hits you with a +0 halberd.
You die...

#.......≈≈≈..#
#......≈§§≈≈.#
#.....≈§§§≈≈≈##
#.....≈§§>§§§.# #####
.....≈§§§≈§§.###...# .
..$..≈§§§≈..#...#.#
#..####..§§§..o#>###.#
......).......g@.###.#
......))..########...#
...$...)...# ##...###
.......S.#.# ##..###
....(....#.###..##
.........#.##..##
...........##.##
...........##.#
...........##.#


You could see a gnoll and an orc.

Vanquished Creatures
  The ghost of AttackTheMoon the Skirmisher, an amateur MiFi (D:3)
  Crazy Yiuf (D:3)
  Ijyb (D:3)
  Jessica (D:3)
  Terence (D:3)
  2 orc wizards (D:4)
  Natasha (thrice) (D:3)
  6 adders
  6 gnolls
  An ufetubus (D:4)
  3 dart slugs
  8 orcs
  9 bats
  2 endoplasms
  2 goblins
  6 hobgoblins
  2 quokkas
  4 ball pythons
  10 frilled lizards
  12 kobolds
  10 rats
  A toadstool (D:3)
92 creatures vanquished.

Vanquished Creatures (others)
  5 fungi (D:3)
  4 toadstools (D:3)
9 creatures vanquished.

Grand Total: 101 creatures vanquished

Notes
Turn   | Place    | Note
-------+----------+-------------------------------------------
     0 | D:1      | sammy202020 the Gargoyle Berserker began the quest for the
                  | Orb.
     0 | D:1      | Reached XP level 1. HP: 14/14 MP: 1/1
   444 | D:1      | Reached XP level 2. HP: 19/19 MP: 2/2
  1310 | D:2      | Reached XP level 3. HP: 15/24 MP: 3/3
  1500 | D:2      | Found a hide-covered altar of Uskayaw.
  1526 | D:2      | Reached skill level 4 in Fighting
  1662 | D:2      | Reached ** piety under Trog
  1771 | D:2      | Reached XP level 4. HP: 29/29 MP: 4/4
  2251 | D:3      | Noticed Natasha
  2264 | D:3      | Killed Natasha
  2500 | D:3      | Noticed Natasha
  2514 | D:3      | Killed Natasha
  2515 | D:3      | Reached XP level 5. HP: 34/34 MP: 5/5
  2616 | D:3      | Found a faded altar of an unknown god.
  2749 | D:3      | Found Olasiphink's Magic Scroll Boutique.
  2816 | D:3      | Noticed Jessica
  2819 | D:3      | Killed Jessica
  2927 | D:3      | Reached skill level 5 in Fighting
  3273 | D:3      | Noticed Terence
  3276 | D:3      | Noticed Ijyb
  3283 | D:3      | Killed Terence
  3284 | D:3      | Reached XP level 6. HP: 39/40 MP: 6/6
  3304 | D:3      | Killed Ijyb
  3460 | D:3      | Noticed Natasha
  3470 | D:3      | Killed Natasha
  3826 | D:3      | Found a runed translucent gate.
  3826 | D:3      | Found a runed translucent gate.
  3826 | D:3      | Noticed AttackTheMoon's ghost (amateur MiFi)
  3826 | D:3      | Identified the +3 short sword "Cuvin" {drain, rPois rN+
                  | Str+3 Dex+6}
  3827 | D:3      | Found a runed translucent gate.
  3972 | D:3      | Found a runed translucent door.
  3973 | D:3      | Noticed Crazy Yiuf
  4253 | D:3      | Killed AttackTheMoon's ghost
  4254 | D:3      | Reached skill level 5 in Maces & Flails
  4587 | D:3      | Killed Crazy Yiuf
  4692 | D:4      | Found a staircase to the Ecumenical Temple.
  4711 | D:4      | Reached XP level 7. HP: 45/45 MP: 7/7
  4718 | D:4      | Reached skill level 6 in Fighting
  4750 | D:4      | HP: 1/46 [gnoll/+0 halberd (7)]
  4751 | D:4      | Slain by a gnoll

Illustrated notes

Levels and vault maps discovered:
D:1:      lightli_arrival_flooded_house, layout_loops_corners,
          minmay_box_of_dots
D:2:      layout_loops_ring, basic_altar
D:3:      kennysheep_big_flooded_room, layout_basic, serial_shops,
          nicolae_lakefront_shop, hellmonk_ecumenical_altar_zigzags,
          biasface_ghost_orc_armoury, minmay_gold_behind_fungi,
          uniq_crazy_yiuf_cottage, uniq_ijyb, uniq_terence, uniq_natasha,
          uniq_jessica
D:4:      layout_rooms, grunt_temple_overflow_open, minmay_temple_entry_mist,
          gup_sewer_entry_bubbles

Skill      XL: |  1  2  3  4  5  6  7 |
---------------+----------------------+-----
Fighting       | 4 5 6 |  6.1
Maces & Flails | 4 5 |  5.5
Armour         | 3 4 |  4.1
Dodging        | |  1.5

Action                   |  1- 3 |  4- 6 |  7- 9 || total
-------------------------+-------+-------+-------++-------
Melee: Mace              |   142 |   182 |       ||   324
       Flail             |       |    10 |    27 ||    37
       Punch             |       |     2 |       ||     2
Invok: Berserk           |     1 |     5 |       ||     6
       Trog's Hand       |       |     1 |     2 ||     3
  Use: Scroll            |       |     8 |       ||     8
       Potion            |       |       |     1 ||     1
Armor: Animal skin       |    18 |       |       ||    18
       Ring mail         |    69 |    56 |       ||   125
       Chain mail        |       |    52 |   101 ||   153
Dodge: Dodged            |   142 |   102 |    51 ||   295

Table legend: (Time is in decaauts)
 A = Elapsed time spent in this place.
 B = Non-inter-level travel time spent in this place.
 C = Inter-level travel time spent in this place.
 D = Time resting spent in this place.
 E = Time spent auto-exploring this place.
 F = Levels seen in this place.
 G = Mean time per level.
                   A        B        C        D        E       F      G
               +--------+--------+--------+--------+--------+-----+--------+
         Total |   4879 |   4805 |     74 |    501 |   3379 |   4 | 1219.8 |
       Dungeon |   4879 |   4805 |     74 |    501 |   3379 |   4 | 1219.8 |
               +--------+--------+--------+--------+--------+-----+--------+

Top non-repeatable levels by time:
     D:3: 2582 daAuts
     D:1: 1325 daAuts
     D:2: 868 daAuts
     D:4: 103 daAuts
